[ AOE2 MATCH · #490746823 ]
UnrankedTeutons vs Khmer
Player's team · LOSS
[ REPLAY ANALYSIS · EXTRACTED FROM THE RECORDED GAME ]
Feudal
9:20
Castle
—
Imperial
—
| APM avg | 45.1 |
| APM peak | 76 |
| eAPM avg | 19.7 |
| Villagers / military | 47 / 0 |
Focus
⚔️ 36.8% · 🌾 63.2%
Feudal
11:28
Castle
14:36
Imperial
—
| APM avg | 24.4 |
| APM peak | 37 |
| eAPM avg | 13.8 |
| Villagers / military | 29 / 0 |
Focus
⚔️ 23.1% · 🌾 76.9%
Feudal
13:48
Castle
—
Imperial
—
| APM avg | 41.1 |
| APM peak | 61 |
| eAPM avg | 20.0 |
| Villagers / military | 48 / 0 |
Focus
⚔️ 24.1% · 🌾 75.9%
Fishing Ship ×12
Feudal
8:26
Castle
—
Imperial
—
| APM avg | 43.3 |
| APM peak | 79 |
| eAPM avg | 19.7 |
| Villagers / military | 44 / 14 |
Focus
⚔️ 15.9% · 🌾 84.1%
Scout Cavalry ×14
Feudal
10:53
Castle
14:37
Imperial
—
| APM avg | 38.4 |
| APM peak | 68 |
| eAPM avg | 16.8 |
| Villagers / military | 36 / 4 |
Focus
⚔️ 35.4% · 🌾 64.6%
Fishing Ship ×8 · Knight ×2 · Spearman ×1 · Transport Ship ×1
Feudal
8:10
Castle
—
Imperial
—
| APM avg | 56.8 |
| APM peak | 92 |
| eAPM avg | 26.8 |
| Villagers / military | 37 / 11 |
Focus
⚔️ 64.4% · 🌾 35.6%
Archer ×11
Feudal
9:42
Castle
—
Imperial
—
| APM avg | 32.4 |
| APM peak | 51 |
| eAPM avg | 15.1 |
| Villagers / military | 43 / 2 |
Focus
⚔️ 25.0% · 🌾 75.0%
Flemish Militia ×2
Feudal
9:21
Castle
—
Imperial
—
| APM avg | 71.0 |
| APM peak | 109 |
| eAPM avg | 20.9 |
| Villagers / military | 43 / 8 |
Focus
⚔️ 8.5% · 🌾 91.5%
Scout Cavalry ×8
Match map
Initial resources + every placement click. Lines = walls · curves = elevation contours. ◆ gold · ⬟ stone · ● berries · ✦ relic · ◌ wall gap
Your base· Open — unwalled flank
ImVaibhav's base· ✓ Closed at 14:36 · 11t walls · no gate
Samchy's base· ✓ Closed at 16:41 · 15t walls · 1 gate(s)
Ux'Tycho0201's base· Open — unwalled flank
Clément's base· ✓ Closed at 14:37 · 26t walls · no gate
Ux'CachorritoDeLaCalle's base· Open — unwalled flank
Trollolo's base· Open — 3t gap
Ux' Krupjm's base· Open — unwalled flank
Smoothed initial terrain · ◌ = detected wall gap · hover for details
Inputs per minute
— CTM | Crawly94 - - ImVaibhav
Build order — CTM | Crawly94
84 actions detected in the replay
| 0:01 | Create | Villager (Male) |
| 0:01 | Create | Villager (Male) |
| 0:02 | Build | House |
| 0:03 | Build | House |
| 0:03 | Create | Villager (Male) |
| 0:03 | Create | Villager (Male) |
| 1:25 | Create | Villager (Male) |
| 1:46 | Build | Lumber Camp |
| 1:59 | Create | Villager (Male) |
| 1:59 | Create | Villager (Male) |
| 2:19 | Create | Villager (Male) |
| 2:20 | Create | Villager (Male) |
| 2:59 | Create | Villager (Male) |
| 3:00 | Create | Villager (Male) |
| 3:20 | Create | Villager (Male) |
| 3:20 | Create | Villager (Male) |
| 3:27 | Build | House |
| 3:40 | Create | Villager (Male) |
| 3:40 | Create | Villager (Male) |
| 4:10 | Build | Mill |
| 4:12 | Create | Villager (Male) |
| 4:12 | Create | Villager (Male) |
| 4:36 | Create | Villager (Male) |
| 4:36 | Create | Villager (Male) |
| 5:26 | Create | Villager (Male) |
| 5:51 | Create | Villager (Male) |
| 6:16 | Create | Villager (Male) |
| 6:22 | Research | Loom |
| 7:04 | Research | Feudal Age |
| 7:23 | Build | Mining Camp |
| 8:31 | Create | Villager (Male) |
| 8:36 | Build | House |
| 8:38 | Build | House |
| 8:41 | Build | House |
| 8:43 | Build | House |
| 9:20 | Age | Feudal Age |
| 9:42 | Build | Watch Tower |
| 9:52 | Create | Villager (Male) |
| 10:03 | Create | Villager (Male) |
| 10:09 | Research | Double-Bit Axe |
| 10:09 | Research | Double-Bit Axe |
| 10:36 | Build | Watch Tower |
| 10:45 | Create | Villager (Male) |
| 10:57 | Build | Palisade Gate |
| 11:01 | Build | Palisade Wall |
| 11:04 | Create | Villager (Male) |
| 11:32 | Build | Watch Tower |
| 11:42 | Build | Blacksmith |
| 11:45 | Create | Villager (Male) |
| 11:55 | Build | Stone Wall |
| 11:58 | Create | Villager (Male) |
| 12:18 | Create | Villager (Male) |
| 12:18 | Create | Villager (Male) |
| 12:41 | Create | Villager (Male) |
| 13:01 | Research | Fletching |
| 13:02 | Research | Fletching |
| 13:29 | Build | Watch Tower |
| 13:32 | Create | Villager (Male) |
| 13:32 | Create | Villager (Male) |
| 14:38 | Create | Villager (Male) |
| 14:38 | Create | Villager (Male) |
| 14:46 | Create | Villager (Male) |
| 14:53 | Build | Farm |
| 14:53 | Build | Farm |
| 15:13 | Create | Villager (Male) |
| 15:13 | Create | Villager (Male) |
| 15:36 | Create | Villager (Male) |
| 15:41 | Create | Villager (Male) |
| 15:45 | Build | Farm |
| 15:45 | Build | Farm |
| 15:46 | Build | Farm |
| 15:46 | Build | Farm |
| 16:26 | Create | Villager (Male) |
| 16:39 | Build | Outpost |
| 17:13 | Create | Villager (Male) |
| 17:14 | Create | Villager (Male) |
| 17:35 | Build | Stone Wall |
| 17:38 | Create | Villager (Male) |
| 17:51 | Create | Villager (Male) |
| 17:54 | Build | Farm |
| 17:55 | Build | Farm |
| 17:55 | Build | Farm |
| 18:02 | Build | Mining Camp |
| 18:05 | Create | Villager (Male) |
Build order — ImVaibhav
54 actions detected in the replay
| 0:01 | Create | Villager (Male) ×4 |
| 0:04 | Build | House |
| 0:05 | Build | House |
| 0:23 | Build | Palisade Wall |
| 0:34 | Research | Loom |
| 1:01 | Create | Villager (Male) |
| 1:01 | Create | Villager (Male) |
| 1:42 | Create | Villager (Male) |
| 1:55 | Build | Lumber Camp |
| 2:25 | Create | Villager (Male) |
| 2:56 | Create | Villager (Male) |
| 3:18 | Create | Villager (Male) |
| 3:43 | Create | Villager (Male) |
| 3:51 | Build | House |
| 4:15 | Create | Villager (Male) |
| 4:15 | Create | Villager (Male) |
| 4:33 | Create | Villager (Male) |
| 4:40 | Create | Villager (Male) |
| 5:21 | Create | Villager (Male) |
| 5:21 | Create | Villager (Male) |
| 5:42 | Build | House |
| 6:23 | Create | Villager (Male) |
| 6:23 | Create | Villager (Male) |
| 6:24 | Create | Villager (Male) |
| 6:51 | Create | Villager (Male) |
| 6:54 | Build | Mining Camp |
| 6:58 | Create | Villager (Male) |
| 7:07 | Create | Villager (Male) |
| 8:35 | Create | Villager (Male) |
| 8:59 | Build | Mill |
| 9:10 | Research | Feudal Age |
| 10:26 | Build | House |
| 10:44 | Build | House |
| 11:07 | Build | Palisade Wall |
| 11:14 | Build | House |
| 11:20 | Build | House |
| 11:28 | Age | Feudal Age |
| 11:56 | Research | Castle Age |
| 14:36 | Age | Castle Age |
| 14:41 | Create | Villager (Male) |
| 14:51 | Build | Town Center |
| 14:57 | Research | Wheelbarrow |
| 15:31 | Create | Villager (Male) |
| 15:41 | Build | Town Center |
| 16:20 | Create | Villager (Male) |
| 16:46 | Build | Farm |
| 16:48 | Build | Farm |
| 16:50 | Build | Farm |
| 16:56 | Build | Farm |
| 17:01 | Create | Villager (Male) |
| 17:05 | Build | Farm |
| 17:06 | Build | Farm |
| 17:07 | Build | Farm |
| 18:10 | Create | Villager (Male) |
Build order — Samchy
113 actions detected in the replay
| 0:02 | Create | Villager (Male) |
| 0:02 | Create | Villager (Male) |
| 0:04 | Build | House |
| 0:05 | Build | House |
| 0:25 | Create | Villager (Male) |
| 0:25 | Create | Villager (Male) |
| 0:25 | Create | Villager (Male) |
| 0:36 | Research | Loom |
| 0:37 | Create | Villager (Male) |
| 0:37 | Create | Villager (Male) |
| 0:55 | Build | House |
| 1:00 | Build | Palisade Wall |
| 1:43 | Create | Villager (Male) |
| 1:43 | Create | Villager (Male) |
| 2:21 | Build | Palisade Gate |
| 2:25 | Create | Villager (Male) |
| 2:26 | Create | Villager (Male) |
| 2:47 | Build | House |
| 3:06 | Create | Villager (Male) |
| 3:06 | Create | Villager (Male) |
| 3:40 | Create | Villager (Male) |
| 3:40 | Create | Villager (Male) |
| 3:58 | Create | Villager (Male) |
| 4:27 | Create | Villager (Male) |
| 4:28 | Create | Villager (Male) |
| 4:57 | Build | Lumber Camp |
| 5:18 | Create | Villager (Male) |
| 5:18 | Create | Villager (Male) |
| 5:25 | Create | Villager (Male) |
| 5:25 | Create | Villager (Male) |
| 5:52 | Build | Palisade Wall |
| 6:33 | Create | Villager (Male) |
| 6:54 | Build | Dock |
| 6:58 | Create | Villager (Male) |
| 6:58 | Create | Villager (Male) |
| 7:33 | Create | Fishing Ship |
| 7:36 | Create | Villager (Male) |
| 7:57 | Build | House |
| 8:06 | Create | Villager (Male) |
| 8:20 | Create | Fishing Ship |
| 8:30 | Create | Villager (Male) |
| 8:54 | Create | Villager (Male) |
| 8:57 | Create | Fishing Ship |
| 9:04 | Build | House |
| 9:12 | Research | Feudal Age |
| 9:29 | Create | Villager (Male) |
| 9:37 | Build | Dock |
| 9:38 | Create | Villager (Male) |
| 9:41 | Create | Villager (Male) |
| 9:53 | Create | Fishing Ship |
| 10:10 | Create | Villager (Male) |
| 10:20 | Build | House |
| 10:37 | Create | Fishing Ship |
| 10:37 | Create | Fishing Ship |
| 10:47 | Build | Mill |
| 10:48 | Create | Villager (Male) |
| 10:51 | Create | Fishing Ship |
| 10:51 | Create | Fishing Ship |
| 11:04 | Create | Villager (Male) |
| 11:35 | Research | Feudal Age |
| 11:36 | Research | Feudal Age |
| 11:50 | Create | Fishing Ship |
| 11:50 | Create | Fishing Ship |
| 11:59 | Build | House |
| 12:02 | Build | Palisade Wall |
| 12:22 | Create | Fishing Ship |
| 12:22 | Create | Fishing Ship |
| 12:45 | Build | House |
| 13:00 | Build | Lumber Camp |
| 13:08 | Build | House |
| 13:48 | Age | Feudal Age |
| 13:52 | Build | Fish Trap |
| 13:55 | Build | Fish Trap |
| 13:59 | Research | Double-Bit Axe |
| 13:59 | Research | Double-Bit Axe |
| 14:01 | Create | Villager (Male) |
| 14:01 | Create | Villager (Male) |
| 14:09 | Build | Mining Camp |
| 14:13 | Build | Fish Trap |
| 14:19 | Create | Villager (Male) |
| 14:20 | Create | Villager (Male) |
| 14:25 | Build | Fish Trap |
| 14:32 | Create | Villager (Male) |
| 14:39 | Build | Fish Trap |
| 14:47 | Create | Villager (Male) |
| 14:55 | Build | Fish Trap |
| 14:59 | Build | House |
| 15:06 | Build | Fish Trap |
| 15:34 | Build | Blacksmith |
| 15:42 | Build | House |
| 16:00 | Build | Market |
| 16:15 | Build | Fish Trap |
| 16:32 | Build | Fish Trap |
| 16:35 | Build | Fish Trap |
| 16:41 | Research | Castle Age |
| 16:41 | Research | Castle Age |
| 16:50 | Build | Fish Trap |
| 16:53 | Build | House |
| 16:55 | Create | Villager (Male) |
| 16:55 | Create | Villager (Male) |
| 17:13 | Create | Villager (Male) |
| 17:21 | Create | Villager (Male) |
| 17:21 | Create | Villager (Male) |
| 17:24 | Build | House |
| 17:29 | Build | House |
| 17:44 | Build | House |
| 17:45 | Create | Villager (Male) |
| 17:48 | Create | Villager (Male) |
| 17:58 | Build | Barracks |
| 18:02 | Build | House |
| 18:06 | Build | House |
| 18:08 | Build | House |
| 18:10 | Build | House |
Build order — Ux'Tycho0201
104 actions detected in the replay
| 0:01 | Create | Villager (Male) |
| 0:01 | Create | Villager (Male) |
| 0:02 | Create | Villager (Male) |
| 0:02 | Create | Villager (Male) |
| 0:02 | Create | Villager (Male) |
| 0:02 | Create | Villager (Male) |
| 0:03 | Create | Villager (Male) |
| 0:04 | Create | Villager (Male) |
| 0:04 | Build | House |
| 0:05 | Build | House |
| 1:22 | Create | Villager (Male) |
| 1:22 | Create | Villager (Male) |
| 1:37 | Create | Villager (Male) |
| 1:44 | Build | Lumber Camp |
| 2:12 | Create | Villager (Male) |
| 2:12 | Create | Villager (Male) |
| 2:38 | Create | Villager (Male) |
| 2:53 | Build | House |
| 3:10 | Create | Villager (Male) |
| 3:31 | Create | Villager (Male) |
| 3:31 | Create | Villager (Male) |
| 3:48 | Create | Villager (Male) |
| 4:20 | Create | Villager (Male) |
| 4:40 | Create | Villager (Male) |
| 4:58 | Build | Mill |
| 5:04 | Create | Villager (Male) |
| 5:07 | Research | Loom |
| 6:15 | Research | Feudal Age |
| 6:16 | Research | Feudal Age |
| 7:23 | Create | Villager (Male) |
| 7:23 | Create | Villager (Male) |
| 7:35 | Build | Barracks |
| 8:04 | Build | House |
| 8:26 | Age | Feudal Age |
| 8:45 | Build | Stable |
| 8:58 | Create | Villager (Male) |
| 8:58 | Create | Villager (Male) |
| 9:20 | Create | Villager (Male) |
| 9:26 | Build | Farm |
| 9:29 | Create | Scout Cavalry |
| 9:29 | Create | Scout Cavalry |
| 9:51 | Create | Villager (Male) |
| 9:56 | Build | House |
| 10:00 | Build | Farm |
| 10:16 | Create | Scout Cavalry |
| 10:32 | Build | Farm |
| 10:33 | Create | Villager (Male) |
| 10:38 | Build | Farm |
| 10:57 | Create | Scout Cavalry |
| 11:07 | Create | Villager (Male) |
| 11:20 | Build | Farm |
| 11:23 | Research | Double-Bit Axe |
| 11:23 | Research | Double-Bit Axe |
| 11:24 | Research | Double-Bit Axe |
| 11:28 | Create | Scout Cavalry |
| 11:29 | Create | Villager (Male) |
| 11:39 | Build | Farm |
| 11:43 | Build | House |
| 11:44 | Build | House |
| 11:56 | Create | Villager (Male) |
| 12:01 | Build | Farm |
| 12:08 | Create | Scout Cavalry |
| 12:28 | Create | Scout Cavalry |
| 12:49 | Build | Blacksmith |
| 12:58 | Create | Villager (Male) |
| 13:26 | Create | Scout Cavalry |
| 13:26 | Create | Villager (Male) |
| 13:34 | Research | Scale Barding Armor |
| 13:37 | Build | Farm |
| 13:40 | Build | Farm |
| 13:41 | Build | Farm |
| 13:44 | Build | Farm |
| 13:56 | Create | Villager (Male) |
| 14:04 | Build | House |
| 14:05 | Create | Villager (Male) |
| 14:25 | Create | Villager (Male) |
| 14:26 | Create | Scout Cavalry |
| 14:40 | Build | Farm |
| 14:41 | Create | Villager (Male) |
| 14:47 | Build | Farm |
| 14:48 | Create | Villager (Male) |
| 14:54 | Create | Scout Cavalry |
| 15:19 | Build | House |
| 15:23 | Build | Mining Camp |
| 15:29 | Create | Villager (Male) |
| 15:38 | Create | Scout Cavalry |
| 15:51 | Create | Villager (Male) |
| 16:00 | Create | Scout Cavalry |
| 16:27 | Create | Villager (Male) |
| 16:47 | Build | Market |
| 16:53 | Build | Farm |
| 16:53 | Build | Farm |
| 16:53 | Build | Farm |
| 16:53 | Build | Farm |
| 16:54 | Build | Farm |
| 16:54 | Build | Farm |
| 17:11 | Create | Villager (Male) |
| 17:25 | Research | Bloodlines |
| 17:26 | Create | Villager (Male) |
| 17:33 | Create | Scout Cavalry |
| 17:33 | Create | Scout Cavalry |
| 17:47 | Create | Villager (Male) |
| 18:20 | Build | House |
| 18:21 | Build | House |
Build order — Clément
87 actions detected in the replay
| 0:02 | Create | Villager (Male) ×5 |
| 0:04 | Build | House |
| 0:06 | Build | House |
| 1:40 | Create | Villager (Male) |
| 2:07 | Build | Lumber Camp |
| 2:26 | Create | Villager (Male) |
| 2:27 | Create | Villager (Male) |
| 2:47 | Create | Villager (Male) |
| 3:33 | Build | Dock |
| 3:36 | Create | Villager (Male) |
| 3:42 | Build | House |
| 3:50 | Create | Villager (Male) |
| 4:26 | Create | Villager (Male) |
| 4:37 | Create | Villager (Male) |
| 4:37 | Create | Fishing Ship |
| 4:58 | Create | Fishing Ship |
| 5:06 | Build | House |
| 5:14 | Create | Villager (Male) |
| 5:15 | Create | Villager (Male) |
| 5:36 | Create | Villager (Male) |
| 5:54 | Create | Fishing Ship |
| 6:15 | Build | House |
| 6:24 | Create | Villager (Male) |
| 6:40 | Create | Villager (Male) |
| 6:41 | Create | Fishing Ship |
| 6:45 | Build | House |
| 7:06 | Create | Villager (Male) |
| 7:36 | Create | Villager (Male) |
| 7:37 | Create | Fishing Ship |
| 7:55 | Create | Fishing Ship |
| 7:56 | Create | Villager (Male) |
| 8:14 | Create | Villager (Male) |
| 8:36 | Research | Feudal Age |
| 8:48 | Create | Fishing Ship |
| 8:58 | Build | Mill |
| 9:25 | Build | House |
| 9:47 | Create | Villager (Male) |
| 10:53 | Age | Feudal Age |
| 10:59 | Build | Market |
| 11:02 | Build | Blacksmith |
| 11:19 | Build | Palisade Wall |
| 11:21 | Research | Double-Bit Axe |
| 11:33 | Create | Villager (Male) |
| 12:11 | Research | Castle Age |
| 12:20 | Build | Barracks |
| 12:42 | Build | Mining Camp |
| 12:51 | Build | Fish Trap |
| 13:00 | Build | Palisade Wall |
| 13:04 | Build | Palisade Wall |
| 13:38 | Create | Villager (Male) |
| 13:43 | Build | Fish Trap |
| 13:46 | Create | Spearman |
| 13:58 | Build | Palisade Wall |
| 13:58 | Build | Palisade Wall |
| 14:27 | Build | Fish Trap |
| 14:37 | Age | Castle Age |
| 14:43 | Create | Villager (Male) |
| 14:43 | Create | Villager (Male) |
| 14:55 | Research | Bow Saw |
| 15:04 | Build | Stable |
| 15:07 | Create | Villager (Male) |
| 15:15 | Build | Stone Wall |
| 15:23 | Build | Stone Wall |
| 15:27 | Build | Stone Wall |
| 15:40 | Create | Villager (Male) |
| 15:45 | Build | Town Center |
| 15:53 | Build | Stone Wall |
| 16:05 | Build | Fish Trap |
| 16:08 | Build | House |
| 16:20 | Create | Knight |
| 16:26 | Create | Villager (Male) |
| 16:32 | Build | House |
| 16:34 | Create | Villager (Male) |
| 16:47 | Build | Dock |
| 16:49 | Create | Villager (Male) |
| 17:03 | Build | Fish Trap |
| 17:18 | Create | Villager (Male) |
| 17:18 | Create | Villager (Male) |
| 17:24 | Create | Transport Ship |
| 17:29 | Research | Tech 906 |
| 17:41 | Build | Fish Trap |
| 17:44 | Build | Fish Trap |
| 17:47 | Create | Fishing Ship |
| 17:53 | Create | Villager (Male) |
| 17:58 | Create | Knight |
| 17:59 | Create | Villager (Male) |
| 18:08 | Build | Stone Wall |
Build order — Ux'CachorritoDeLaCalle
98 actions detected in the replay
| 0:00 | Create | Villager (Male) |
| 0:01 | Create | Villager (Male) |
| 0:01 | Create | Villager (Male) |
| 0:02 | Build | House |
| 0:04 | Build | House |
| 0:35 | Create | Villager (Male) |
| 0:36 | Create | Villager (Male) |
| 1:20 | Create | Villager (Male) |
| 1:53 | Create | Villager (Male) |
| 2:22 | Build | Lumber Camp |
| 2:25 | Create | Villager (Male) |
| 2:25 | Create | Villager (Male) |
| 2:38 | Build | House |
| 2:50 | Create | Villager (Male) |
| 3:11 | Create | Villager (Male) |
| 3:22 | Create | Villager (Male) |
| 3:43 | Create | Villager (Male) |
| 4:02 | Create | Villager (Male) |
| 4:17 | Create | Villager (Male) |
| 4:18 | Research | Loom |
| 4:56 | Build | Mining Camp |
| 6:00 | Research | Feudal Age |
| 6:01 | Research | Feudal Age |
| 7:06 | Create | Villager (Male) |
| 7:19 | Build | Barracks |
| 7:25 | Build | Barracks |
| 8:03 | Create | Villager (Male) |
| 8:10 | Age | Feudal Age |
| 8:17 | Build | Archery Range |
| 8:25 | Create | Villager (Male) |
| 8:55 | Build | Blacksmith |
| 9:01 | Build | House |
| 9:05 | Create | Villager (Male) |
| 9:37 | Create | Archer |
| 9:42 | Research | Fletching |
| 9:42 | Research | Fletching |
| 9:52 | Create | Archer |
| 9:53 | Create | Archer |
| 10:08 | Build | Stone Wall |
| 10:12 | Create | Archer |
| 10:17 | Build | Mill |
| 10:22 | Build | House |
| 10:34 | Create | Villager (Male) |
| 10:51 | Create | Villager (Male) |
| 11:00 | Create | Archer |
| 11:28 | Create | Villager (Male) |
| 11:30 | Build | House |
| 11:42 | Create | Archer |
| 11:48 | Create | Villager (Male) |
| 11:51 | Build | House |
| 11:58 | Build | Gate |
| 12:12 | Create | Archer |
| 12:21 | Create | Villager (Male) |
| 12:36 | Create | Villager (Male) |
| 12:43 | Build | Farm |
| 12:45 | Build | Farm |
| 12:46 | Build | Farm |
| 12:51 | Build | Market |
| 12:57 | Create | Archer |
| 13:02 | Create | Villager (Male) |
| 13:10 | Build | Farm |
| 13:25 | Create | Villager (Male) |
| 13:39 | Build | Stone Wall |
| 13:40 | Build | Gate |
| 13:48 | Create | Archer |
| 13:52 | Create | Villager (Male) |
| 14:08 | Create | Villager (Male) |
| 14:11 | Build | Farm |
| 14:14 | Build | Farm |
| 14:33 | Create | Villager (Male) |
| 14:37 | Build | House |
| 14:38 | Build | House |
| 14:56 | Create | Archer |
| 14:57 | Create | Villager (Male) |
| 15:01 | Build | Farm |
| 15:15 | Create | Archer |
| 15:15 | Create | Villager (Male) |
| 15:19 | Build | Farm |
| 15:37 | Build | Farm |
| 16:00 | Create | Villager (Male) |
| 16:10 | Build | Farm |
| 16:11 | Build | Farm |
| 16:13 | Build | Farm |
| 16:15 | Build | Farm |
| 16:16 | Build | House |
| 16:17 | Create | Villager (Male) |
| 16:44 | Create | Villager (Male) |
| 16:50 | Build | Farm |
| 16:54 | Build | House |
| 17:06 | Create | Villager (Male) |
| 17:29 | Build | Farm |
| 17:51 | Research | Castle Age |
| 17:51 | Research | Castle Age |
| 17:56 | Build | House |
| 18:23 | Create | Villager (Male) |
| 18:25 | Build | House |
| 18:26 | Research | Gold Mining |
| 18:27 | Research | Gold Mining |
Build order — Trollolo
91 actions detected in the replay
| 0:00 | Create | Villager (Male) |
| 0:01 | Create | Villager (Male) |
| 0:02 | Build | House |
| 0:03 | Build | House |
| 0:10 | Create | Villager (Male) |
| 0:23 | Create | Villager (Male) |
| 1:39 | Create | Villager (Male) |
| 1:59 | Create | Villager (Male) |
| 2:28 | Create | Villager (Male) |
| 2:49 | Create | Villager (Male) |
| 3:01 | Build | Lumber Camp |
| 3:04 | Create | Villager (Male) |
| 3:22 | Create | Villager (Male) |
| 3:24 | Create | Villager (Male) |
| 3:35 | Build | House |
| 3:41 | Create | Villager (Male) |
| 4:00 | Build | House |
| 4:13 | Create | Villager (Male) |
| 4:23 | Create | Villager (Male) |
| 4:27 | Research | Double-Bit Axe |
| 4:51 | Create | Villager (Male) |
| 4:53 | Create | Villager (Male) |
| 5:08 | Build | House |
| 5:22 | Create | Villager (Male) |
| 5:30 | Build | Palisade Wall |
| 5:34 | Create | Villager (Male) |
| 6:07 | Build | Palisade Wall |
| 6:11 | Create | Villager (Male) |
| 6:18 | Create | Villager (Male) |
| 6:37 | Research | Loom |
| 6:59 | Build | Mill |
| 7:05 | Create | Villager (Male) |
| 7:32 | Research | Feudal Age |
| 7:49 | Build | House |
| 7:52 | Build | Palisade Wall |
| 7:58 | Create | Villager (Male) |
| 8:22 | Build | Barracks |
| 8:35 | Build | House |
| 8:39 | Build | Palisade Wall |
| 9:37 | Create | Villager (Male) |
| 9:42 | Age | Feudal Age |
| 9:53 | Build | Market |
| 9:54 | Create | Villager (Male) |
| 10:06 | Build | Market |
| 10:06 | Create | Villager (Male) |
| 10:20 | Build | House |
| 10:39 | Build | House |
| 10:47 | Build | House |
| 11:00 | Build | Mining Camp |
| 11:04 | Build | House |
| 11:21 | Build | Watch Tower |
| 11:28 | Create | Villager (Male) |
| 11:35 | Create | Villager (Male) |
| 11:45 | Create | Villager (Male) |
| 11:50 | Create | Flemish Militia |
| 11:54 | Build | Blacksmith |
| 11:57 | Build | House |
| 12:01 | Create | Villager (Male) |
| 12:16 | Build | Palisade Gate |
| 12:26 | Build | House |
| 12:35 | Create | Villager (Male) |
| 12:53 | Create | Villager (Male) |
| 13:15 | Create | Villager (Male) |
| 13:20 | Build | House |
| 13:20 | Create | Villager (Male) |
| 13:26 | Build | Gate |
| 13:42 | Build | Lumber Camp |
| 13:44 | Create | Villager (Male) |
| 13:48 | Create | Villager (Male) |
| 13:52 | Build | House |
| 14:06 | Build | House |
| 14:06 | Create | Villager (Male) |
| 14:07 | Create | Villager (Male) |
| 14:15 | Build | Watch Tower |
| 14:17 | Create | Villager (Male) |
| 14:21 | Build | House |
| 14:21 | Create | Villager (Male) |
| 14:22 | Create | Villager (Male) |
| 14:55 | Build | House |
| 15:49 | Build | Watch Tower |
| 15:50 | Create | Villager (Male) |
| 15:58 | Create | Flemish Militia |
| 16:22 | Create | Villager (Male) |
| 17:18 | Create | Villager (Male) |
| 17:25 | Build | Mill |
| 17:26 | Build | Farm |
| 17:27 | Build | Farm |
| 17:28 | Build | Farm |
| 17:29 | Build | Farm |
| 17:49 | Build | House |
| 18:00 | Build | Watch Tower |
Build order — Ux' Krupjm
85 actions detected in the replay
| 0:01 | Create | Villager (Male) |
| 0:02 | Create | Villager (Male) |
| 0:02 | Create | Villager (Male) |
| 0:02 | Create | Villager (Male) |
| 0:02 | Create | Villager (Male) |
| 0:04 | Build | House |
| 0:06 | Build | House |
| 1:16 | Create | Villager (Male) |
| 1:17 | Create | Villager (Male) |
| 1:17 | Create | Villager (Male) |
| 1:40 | Create | Villager (Male) |
| 1:40 | Create | Villager (Male) |
| 1:40 | Create | Villager (Male) |
| 1:40 | Create | Villager (Male) |
| 1:47 | Build | Lumber Camp |
| 2:02 | Create | Villager (Male) |
| 2:03 | Create | Villager (Male) |
| 2:03 | Create | Villager (Male) |
| 2:42 | Create | Villager (Male) |
| 2:56 | Create | Villager (Male) |
| 2:59 | Build | House |
| 3:14 | Create | Villager (Male) |
| 4:01 | Create | Villager (Male) |
| 4:17 | Create | Villager (Male) |
| 4:25 | Create | Villager (Male) |
| 5:36 | Create | Villager (Male) |
| 5:37 | Create | Villager (Male) |
| 5:44 | Research | Loom |
| 6:51 | Build | Mill |
| 7:11 | Research | Feudal Age |
| 7:11 | Research | Feudal Age |
| 7:50 | Build | Barracks |
| 8:04 | Create | Villager (Male) |
| 8:22 | Build | House |
| 9:21 | Age | Feudal Age |
| 9:23 | Build | Stable |
| 9:32 | Research | Double-Bit Axe |
| 9:34 | Create | Villager (Male) |
| 9:45 | Research | Horse Collar |
| 10:03 | Create | Scout Cavalry |
| 10:03 | Create | Scout Cavalry |
| 10:03 | Create | Scout Cavalry |
| 10:04 | Create | Scout Cavalry |
| 10:27 | Create | Villager (Male) |
| 10:28 | Create | Villager (Male) |
| 10:28 | Create | Villager (Male) |
| 10:28 | Create | Villager (Male) |
| 10:57 | Build | Blacksmith |
| 11:06 | Create | Villager (Male) |
| 11:08 | Build | House |
| 11:45 | Create | Villager (Male) |
| 12:23 | Create | Scout Cavalry |
| 12:26 | Create | Villager (Male) |
| 12:26 | Create | Villager (Male) |
| 12:56 | Build | House |
| 12:57 | Build | House |
| 12:58 | Build | Farm |
| 12:59 | Build | Farm |
| 12:59 | Build | Farm |
| 12:59 | Build | Farm |
| 12:59 | Build | Farm |
| 13:00 | Build | Farm |
| 13:01 | Build | Farm |
| 13:50 | Create | Villager (Male) |
| 14:05 | Create | Villager (Male) |
| 14:18 | Create | Villager (Male) |
| 14:22 | Build | Farm |
| 14:27 | Build | Farm |
| 14:27 | Build | Farm |
| 14:27 | Build | Farm |
| 15:03 | Create | Villager (Male) |
| 15:14 | Create | Villager (Male) |
| 15:43 | Create | Scout Cavalry |
| 15:44 | Create | Villager (Male) |
| 15:52 | Build | Farm |
| 15:53 | Build | Farm |
| 16:15 | Create | Scout Cavalry |
| 16:16 | Create | Villager (Male) |
| 16:40 | Research | Forging |
| 16:46 | Create | Villager (Male) |
| 17:26 | Create | Scout Cavalry |
| 18:00 | Create | Villager (Male) |
| 18:09 | Create | Villager (Male) |
| 18:11 | Build | House |
| 18:12 | Build | House |
Match timeline
| 0:23 | ImVaibhav · wall_segment Palisade Wall x10 |
| 1:00 | Samchy · wall_segment Palisade Wall x9 |
| 3:33 | Clément · first_building Dock |
| 5:30 | Trollolo · wall_segment Palisade Wall x7 |
| 5:52 | Samchy · wall_segment Palisade Wall x1 |
| 6:07 | Trollolo · wall_segment Palisade Wall x2 |
| 6:54 | Samchy · first_building Dock |
| 7:19 | Ux'CachorritoDeLaCalle · first_building Barracks |
| 7:35 | Ux'Tycho0201 · first_building Barracks |
| 7:50 | Ux' Krupjm · first_building Barracks |
| 7:52 | Trollolo · wall_segment Palisade Wall x4 |
| 8:10 | Ux'CachorritoDeLaCalle · age_up feudal |
| 8:17 | Ux'CachorritoDeLaCalle · first_building Archery Range |
| 8:22 | Trollolo · first_building Barracks |
| 8:26 | Ux'Tycho0201 · age_up feudal |
| 8:39 | Trollolo · wall_segment Palisade Wall x4 |
| 8:45 | Ux'Tycho0201 · first_building Stable |
| 9:20 | CTM | Crawly94 · age_up feudal |
| 9:21 | Ux' Krupjm · age_up feudal |
| 9:23 | Ux' Krupjm · first_building Stable |
| 9:42 | Trollolo · age_up feudal |
| 10:08 | Ux'CachorritoDeLaCalle · wall_segment Stone Wall x14 |
| 10:53 | Clément · age_up feudal |
| 11:01 | CTM | Crawly94 · wall_segment Palisade Wall x1 |
| 11:07 | ImVaibhav · wall_segment Palisade Wall x1 |
| 11:19 | Clément · wall_segment Palisade Wall x12 |
| 11:28 | ImVaibhav · age_up feudal |
| 11:55 | CTM | Crawly94 · wall_segment Stone Wall x8 |
| 12:02 | Samchy · wall_segment Palisade Wall x5 |
| 12:10 | Clément · first_market_sell 100 wood |
| 12:20 | Clément · first_building Barracks |
| 12:52 | Trollolo · first_market_sell 100 wood |
| 13:00 | Clément · wall_segment Palisade Wall x3 |
| 13:04 | Clément · wall_segment Palisade Wall x9 |
| 13:39 | Ux'CachorritoDeLaCalle · wall_segment Stone Wall x11 |
| 13:48 | Samchy · age_up feudal |
| 13:58 | Clément · wall_segment Palisade Wall x1 |
| 13:58 | Clément · wall_segment Palisade Wall x1 |
| 14:36 | ImVaibhav · age_up castle |
| 14:37 | Clément · age_up castle |
| 15:00 | Clément · first_market_buy 100 wood |
| 15:04 | Clément · first_building Stable |
| 15:15 | Clément · wall_segment Stone Wall x3 |
| 15:23 | Clément · wall_segment Stone Wall x1 |
| 15:27 | Clément · wall_segment Stone Wall x1 |
| 15:53 | Clément · wall_segment Stone Wall x10 |
| 16:46 | Ux'CachorritoDeLaCalle · first_market_buy 100 food |
| 17:35 | CTM | Crawly94 · wall_segment Stone Wall x1 |
| 17:49 | Ux'CachorritoDeLaCalle · first_market_sell 100 wood |
| 17:58 | Samchy · first_building Barracks |
| 18:08 | Clément · wall_segment Stone Wall x2 |
| 18:09 | Trollolo · resign |
[ AI ANALYSIS · 1 CREDIT ]
What really happened in this match?
Wolo.gg analyzes every decision: build order, eco, micro, common mistakes by bracket. Personalized analysis on WhatsApp or Discord in 30 seconds.
Civ guide
Teutons
Perfil
Jugador #20107364